 Dungeon Crawl Stone Soup version 0.29.1-13-g9f3cf754e1 (webtiles) character file.

Game seed: 15148764072985627656

27 Rikuski the Magician (level 3, -2/21 HPs)
             Began as an Octopode Hedge Wizard on Feb 4, 2023.
             Was a Follower of Sif Muna.
             Slain by an orc priest
             ... wielding a +0 club
              (3 damage)
             ... on level 2 of the Dungeon.
             The game lasted 00:07:17 (1111 turns).

Rikuski the Magician (Octopode Hedge Wizard)        Turns: 1111, Time: 00:07:17

Health: -2/21      AC:  1    Str:  9    XL:     3   Next: 10%
Magic:  5/7        EV: 13    Int: 18    God:    Sif Muna [*.....]
Gold:   9          SH:  0    Dex: 11    Spells: 5/8 levels left

rFire   + . .      SeeInvis .   e - +1 short sword (speed)
rCold   x . .      Faith    .   (no shield)
rNeg    . . .      Spirit   .   b - +0 hat
rPois   .          Reflect  .   (no amulet)
rElec   .          Harm     .   d - ring of wizardry
rCorr   .          Rampage  .   j - ring of fire
Will    .....                   (no ring)
Stlth   +++.......              (no ring)
HPRegen 0.07/turn               (no ring)
MPRegen 0.10/turn               (no ring)
                                (no ring)
                                (no ring)

@: no status effects
A: almost no armour, amphibious, 8 rings, camouflage 1, gelatinous body 1,
(nimble swimmer 1), tentacles
a: Renounce Religion, Channel Magic


You were on level 2 of the Dungeon.
You worshipped Sif Muna.
Sif Muna was aware of your devotion.
You visited 1 branch of the dungeon, and saw 2 of its levels.

You collected 9 gold pieces.

Inventory:

Hand Weapons
 a - a +0 dagger
 e - a +1 short sword of speed (weapon)
Armour
 b - a +0 hat (worn)
Jewellery
 d - a ring of wizardry (left tentacle)
 j - a ring of fire (right tentacle)
Scrolls
 f - a scroll of fog {unknown}
 g - a scroll of torment {unknown}
 i - a scroll of teleportation {unknown}
Potions
 c - a potion of magic
 h - a potion of cancellation {unknown}


   Skills:
 + Level 2.3 Dodging
 + Level 3.0 Stealth
 + Level 3.1 Spellcasting
 + Level 1.5 Conjurations
 + Level 1.4 Summonings
 + Level 1.3 Translocations


You had 5 spell levels left.
You knew the following spells:

 Your Spells              Type           Power      Damage    Failure   Level
a - Magic Dart            Conj           32%        1d4       3%          1
b - Blink                 Tloc           14%        N/A       6%          2

Your spell library contained the following spells:

 Spells                   Type           Power      Damage    Failure   Level
 Slow                     Hex            8%         N/A       6%          1
 Call Imp                 Summ           7%         N/A       6%          2
 Conjure Flame            Conj/Fire      8%         6-21      14%         3
 Mephitic Cloud           Conj/Pois/Air  4%         N/A       16%         3


Dungeon Overview and Level Annotations

Branches:
Dungeon (2/15)

Altars:
Sif Muna


Innate Abilities, Weirdness & Mutations

You cannot wear most types of armour.
You are amphibious.
You can wear up to eight rings at the same time.
Your skin changes colour to match your surroundings (Stealth+).
Your rubbery body absorbs attacks. (AC +1, EV +1)
((You are camouflaged when in or above water. (Stealth+)))
You have tentacles for arms and can constrict up to eight enemies at once.


Message History

You now have 9 gold pieces.
Done exploring.
There is a stone staircase leading down here.
You climb downwards.
The goblin shouts!
The orc priest shouts!
The adder hisses angrily.
You hear a shout!
Found a robe and 11 gold pieces.
Found a stone staircase leading up.
There is a stone staircase leading up here.
You climb upwards.
There is a stone staircase leading down here.
Okay, then.
There is a stone staircase leading down here.
You climb downwards.
Found a stone staircase leading down.
There is a stone staircase leading up here.
Casting: Magic Dart (safe; 3% risk of failure)
Confirm with . or Enter, or press ? or * to list all spells.
Aiming: Magic Dart (safe; 3% risk of failure)
Press: ? - help, Shift-Dir - straight line, f - orc priest
Aim: an orc priest, wielding a +0 club (100% to hit)
The magic dart hits the orc priest.
The orc priest is lightly wounded.
The orc priest hits you with a +0 club.
The orc priest begins to cast a cantrip, but forgets the words!
The dart slug barely misses you.
Casting: Magic Dart (safe; 3% risk of failure)
Confirm with . or Enter, or press ? or * to list all spells.
Aiming: Magic Dart (safe; 3% risk of failure)
Press: ? - help, Shift-Dir - straight line, f/p - orc priest
Aim: an orc priest, wielding a +0 club (lightly wounded, 100% to hit)
The magic dart hits the orc priest.
The orc priest is moderately wounded.
The orc priest invokes the aid of Beogh against you.
Beogh smites you!
Ouch! That really hurt!
* * * LOW HITPOINT WARNING * * *
The dart slug bites you.
* * * LOW HITPOINT WARNING * * *
The orc priest hits you with a +0 club.
You die...

#.##...##
##......<## #
..........##.#
#.........#.#
#...........
##......o..#.#
#.....go...o^#
#.....Soo#####
...#..@.#
.....>.#w#
....... ...
#...... ####
#.###.. # #..
... ...


You could see 2 orc priests, an adder, a dart slug, 2 orcs and a goblin.

Vanquished Creatures
  A dart slug (D:1)
  3 ball pythons (D:1)
  2 endoplasms (D:1)
  A giant cockroach (D:1)
  2 goblins (D:1)
  3 jackals (D:1)
  3 kobolds (D:1)
  2 bats (D:1)
  4 frilled lizards (D:1)
  3 rats (D:1)
24 creatures vanquished.

Notes
Turn   | Place    | Note
-------+----------+-------------------------------------------
     0 | D:1      | Rikuski the Octopode Hedge Wizard began the quest for the
                  | Orb.
     0 | D:1      | Reached XP level 1. HP: 11/11 MP: 4/4
   307 | D:1      | Reached XP level 2. HP: 17/17 MP: 1/6
   361 | D:1      | Found a faded altar of an unknown god.
   614 | D:1      | Learned a level 2 spell: Blink
   715 | D:1      | Prayed at the altar of an unknown god.
   715 | D:1      | Became a worshipper of Sif Muna the Loreminder
   715 | D:1      | Reached * piety under Sif Muna
   890 | D:1      | Reached XP level 3. HP: 21/21 MP: 5/7
  1110 | D:2      | HP: 1/21 [dart slug (1)]
  1111 | D:2      | Slain by an orc priest

Illustrated notes

Levels and vault maps discovered:
D:1:      minmay_arrival_stair_chambers, layout_basic, basic_ecumenical_altar
D:2:      layout_loops_ring, minmay_misc_feat_four_crosses

Skill      XL: |  1  2 |
---------------+-------+-----
Stealth        | 3 |  3.0
Dodging        | |  2.3
Spellcasting   | |  3.1
Conjurations   | |  1.5
Summonings     | |  1.4
Translocations | |  1.3

Action                   || total
-------------------------++-------
Melee: Short sword       ||    20
       Tentacles         ||     6
       Constrict         ||     6
       Dagger            ||     1
 Cast: Magic Dart        ||    39
 Stab: Sleeping          ||     2
Armor: Skin              ||     2
Dodge: Dodged            ||    11
